Workbook

Sheet PRESUPUESTO
A1: GOBERNACIÓN DE CALDAS
A2: SECRETARÍA DE GOBIERNO
A3: OBJETO: Obras de Mejoramiento correccional los Zagales
A4: CONTIENE: Cantidades de obra y presupuesto a precios Unitarios fijos.
A5: USO DEL INMUEBLE: correccional los Zagales
A6: ELABORACIÓN PRESUPUESTO: Secretaría de Gobierno
A7: FECHA DE ELABORACIÓN DEL PRESUPUESTO: AGOSTO 2024
A9: ITEMS | B9: DESCRIPCIÓN | C9: UND. | D9: CANT. | E9: VR. UNIT. | F9: VR. PARCIAL
A10: 1 | B10: PRELIMINARES | F10: =SUM(F11:F13) -> 1694794.7
A11: 1.1 | B11: =CANTIDADES!C5 -> Descapote manual e=25 cms | C11: =CANTIDADES!I5 -> m2 | D11: =CANTIDADES!G9 -> 8.0625 | E11: =A.P.U!E14 -> 2607.1759 | F11: =D11*E11 -> 21020.356
A12: 1.2 | B12: =CANTIDADES!C11 -> Nivelación y limpieza | C12: =CANTIDADES!I11 -> m2 | D12: =CANTIDADES!G15 -> 8.0625 | E12: =A.P.U!E28 -> 6235.7386 | F12: =D12*E12 -> 50275.642
A13: 1.3 | B13: =CANTIDADES!C17 -> Cerramiento provisional con tela polisombra, h=2,10 ml | C13: =CANTIDADES!I17 -> ml | D13: =CANTIDADES!G21 -> 32.25 | E13: =A.P.U!E56 -> 50341.044 | F13: =D13*E13 -> 1623498.7
A14: 2 | B14: GEOTECNIA -MOVIMIENTO DE TIERRAS -ESCOMBROS | F14: =SUM(F15:F20) -> 11527648
A15: 2.1 | B15: =CANTIDADES!C23 -> Excavación en tierra seca h= 0-2 m. | C15: =CANTIDADES!I23 -> m3 | D15: =CANTIDADES!G30 -> 21.703125 | E15: =A.P.U!E72 -> 43209.545 | F15: =D15*E15 -> 937782.16
A16: 2.2 | B16: =CANTIDADES!C32 -> Estudio de suelos, incluye 3 perforaciones, caracterización de material, 2 cortes directos, presentación de informe y recomendaciones | C16: =CANTIDADES!I32 -> und | D16: =CANTIDADES!G36 -> 1 | E16: =A.P.U!E78 -> 3500000 | F16: =D16*E16 -> 3500000
A17: 2.3 | B17: =CANTIDADES!C38 -> Excavación común pilote D=35 cms (barrenado mecánico) | C17: =CANTIDADES!I38 -> ml | D17: =CANTIDADES!G42 -> 31.5 | E17: =A.P.U!E96 -> 114876.22 | F17: =D17*E17 -> 3618600.9
A18: 2.4 | B18: =CANTIDADES!C44 -> Lleno compactado con material de sitio | C18: =[1]CANTIDADES!I44 -> m3 | D18: =CANTIDADES!G49 -> 8.72625 | E18: =A.P.U!E112 -> 40026.512 | F18: =D18*E18 -> 349281.35
A19: 2.5 | B19: =CANTIDADES!C51 -> Manejo y movilización de escombros-Acarreo (trasiego) Horizontal manual | C19: =[1]CANTIDADES!I51 -> m3 | D19: =CANTIDADES!G60 -> 54.474063 | E19: =A.P.U!E124 -> 11068.801 | F19: =D19*E19 -> 602962.56
A20: 2.6 | B20: =CANTIDADES!C62 -> Cargue manual y retiro de sobrantes en volqueta | C20: =[1]CANTIDADES!I62 -> m3 | D20: =CANTIDADES!G71 -> 46.554063 | E20: =A.P.U!E143 -> 54109.596 | F20: =D20*E20 -> 2519021.5
A21: 3 | B21: CIMIENTOS | F21: =SUM(F22:F25) -> 8973043.1
A22: 3.1 | B22: =CANTIDADES!C73 -> Pilote en concreto de 20.7 MPa D=0.35 cms | C22: =CANTIDADES!I73 -> ml | D22: =CANTIDADES!G77 -> 31.5 | E22: =A.P.U!E164 -> 98328.803 | F22: =D22*E22 -> 3097357.3
A23: 3.2 | B23: =CANTIDADES!C79 -> Solado en concreto de 11.7 Mpa | C23: =CANTIDADES!I79 -> m3 | D23: =CANTIDADES!G84 -> 0.427 | E23: =A.P.U!E180 -> 510362.07 | F23: =D23*E23 -> 217924.6
A24: 3.3 | B24: =CANTIDADES!C86 -> Zapata en concreto de 20.7 Mpa | C24: =CANTIDADES!I86 -> m3 | D24: =CANTIDADES!G90 -> 3.655125 | E24: =A.P.U!E205 -> 722363.51 | F24: =D24*E24 -> 2640328.9
A25: 3.4 | B25: =CANTIDADES!C92 -> Viga cimentación en concreto de 20.7 Mpa, 0.40 x 0.30 m. | C25: =CANTIDADES!I92 -> ml | D25: =CANTIDADES!G96 -> 32.25 | E25: =A.P.U!E230 -> 93563.791 | F25: =D25*E25 -> 3017432.2
A26: 4 | B26: ESTRUCTURAS EN CONCRETO | F26: =SUM(F27:F29) -> 24338774
A27: 4.1 | B27: =CANTIDADES!C98 -> Columna en concreto de 20.7 Mpa, 0.25 x 0.25 m. | C27: =CANTIDADES!I98 -> ml | D27: =CANTIDADES!G102 -> 45 | E27: =A.P.U!E256 -> 141101.56 | F27: =D27*E27 -> 6349570.3
A28: 4.2 | B28: =CANTIDADES!C104 -> Acero de refuerzo Fy=420 Mpa | C28: =CANTIDADES!I104 -> Kg | D28: =CANTIDADES!G114 -> 970.08925 | E28: =A.P.U!E276 -> 8709.5468 | F28: =D28*E28 -> 8449037.7
A29: 4.3 | B29: =CANTIDADES!C116 -> Viga de amarre 15x30 cm de 20.7 Mpa. (incluye refuerzo) | C29: =CANTIDADES!I116 -> ml | D29: =CANTIDADES!G120 -> 64.5 | E29: =A.P.U!E301 -> 147909.55 | F29: =D29*E29 -> 9540165.7
A30: 5 | B30: MAMPOSTERIA | F30: =SUM(F31) -> 16834378
A31: 5.1 | B31: =CANTIDADES!C122 -> Muro en bloque de cemento e=15 cm | C31: =CANTIDADES!I122 -> m2 | D31: =CANTIDADES!G126 -> 120 | E31: =A.P.U!E326 -> 140286.48 | F31: =D31*E31 -> 16834378
A32: 6 | B32: OTROS | F32: =SUM(F33:F40) -> 14373417
A33: 6.1 | B33: =CANTIDADES!C128 -> Suministro, transporte e instalación tubo aguas negras para cerramiento-concertina y 3 hilos de alambre de pua sobre muro | C33: =CANTIDADES!I128 -> m2 | D33: =CANTIDADES!G132 -> 26.6761 | E33: =A.P.U!E348 -> 186426.7 | F33: =D33*E33 -> 4973137.3
A34: 6.2 | B34: =CANTIDADES!C140 -> Puerta en lámina Cal. 20, 0.60 x 2.05 m (incl pintura) | C34: =CANTIDADES!I140 -> m2 | D34: 1 | E34: =A.P.U!E400 -> 698104.46 | F34: =D34*E34 -> 698104.46
A35: 6.3 | B35: =CANTIDADES!C134 -> Marco metálico lámina Cal. 20 a=0.60 m (incl. pintura) | C35: =CANTIDADES!I134 -> Un | D35: 1 | E35: =A.P.U!E372 -> 191502.45 | F35: =D35*E35 -> 191502.45
A36: 6.4 | B36: =CANTIDADES!C146 -> Desmonte cerramiento en malla | C36: =CANTIDADES!I146 -> m2 | D36: =CANTIDADES!G150 -> 80.625 | E36: =A.P.U!E417 -> 22996.497 | F36: =D36*E36 -> 1854092.6
A37: 6.5 | B37: =CANTIDADES!C152 -> Demolición muro mamposteria de ladrillo o bloque | C37: =[1]CANTIDADES!I147 -> m2 | D37: =CANTIDADES!G156 -> 48.375 | E37: =A.P.U!E432 -> 42444.53 | F37: =D37*E37 -> 2053254.1
A38: 6.6 | B38: =CANTIDADES!C158 -> Desmonte concertina diametro 18" sobre muro existente | C38: =CANTIDADES!I152 -> m2 | D38: =CANTIDADES!G162 -> 32.25 | E38: =A.P.U!E449 -> 21242.36 | F38: =D38*E38 -> 685066.11
A39: 6.7 | B39: =CANTIDADES!C170 -> Limpieza y aseo general | C39: =[1]CANTIDADES!I165 -> m2 | D39: =CANTIDADES!G174 -> 32.25 | E39: =A.P.U!E473 -> 5053.1786 | F39: =D39*E39 -> 162965.01
A40: 6.8 | B40: =CANTIDADES!C164 -> Tecnólogo siso (incluye prestaciones) | C40: =[1]CANTIDADES!I159 -> mes | D40: 1 | E40: =A.P.U!E502 -> 3755295.4 | F40: =D40*E40 -> 3755295.4
B41: SUBTOTAL COSTOS DIRECTOS | F41: =SUM(F10:F40)/2 -> 77742056
B42: ADMINISTRACION | C42: % | D42: ='ANÁLISIS A.I.U'!J35 -> 0.18496271 | F42: =F41*D42 -> 14379382
B43: IMPREVISTOS | C43: % | D43: 0.02 | F43: =F41*D43 -> 1554841.1
B44: UTILIDAD | C44: % | D44: 0.08 | F44: =F41*D44 -> 6219364.4
B45: VALOR TOTAL | F45: =SUM(F41:F44) -> 99895643 | H45: 99895643
A47: * El valor total no incluye I.V.A. de conformidad con lo estipulado en el Articulo 100 de la ley 21 de 1992, los contratos de obra pública celebrados con Entidades Territoriales, se exceptúan de éste Impuesto, el valor del IVA esta considerado en la compra, por parte del Contatista y expresado en los valores Unitarios de los items mas representativos.
A48: * Las medidas se corresponden a levantamientos tomados de planos existentes, las medidas finales para pago, seran aquellas tomadas en obra.
A49: Quien estructura el presupuesto:
A51: Arq. Daniela Marín Rendón

Sheet CANTIDADES
A1: MEMORIAS DE CALCULO CANTIDADES DE OBRA
A3: CONSTRUCCIÓN MURO EN MAMPOSTERIA CONFINADA
A5: Ítem: | C5: Descapote manual e=25 cms | H5: Unidad: | I5: m2
A6: Fecha medición | B6: ubicación | C6: Medidas | F6: Total medidas | G6: Acumulado medidas | H6: Observaciones
C7: Longitud | D7: ancho | E7: altura
B8: Longitudinal | C8: 32.25 | D8: 0.25 | F8: =C8*D8 -> 8.0625 | G8: =+F8 -> 8.0625
C9: TOTAL | G9: =SUM(F8:F8) -> 8.0625
A11: Ítem: | C11: Nivelación y limpieza | H11: Unidad: | I11: m2
A12: Fecha medición | B12: ubicación | C12: Medidas | F12: Total medidas | G12: Acumulado medidas | H12: Observaciones
C13: Longitud | D13: ancho | E13: altura
B14: Longitudinal | C14: =C8 -> 32.25 | D14: 0.25 | F14: =C14*D14 -> 8.0625 | G14: =+F14 -> 8.0625
C15: TOTAL | G15: =SUM(F14:F14) -> 8.0625
A17: Ítem: | C17: Cerramiento provisional con tela polisombra, h=2,10 ml | H17: Unidad: | I17: ='[2]ACTA 01'!C121 -> ml
A18: Fecha medición | B18: ubicación | C18: Medidas | F18: Total medidas | G18: Acumulado medidas | H18: Observaciones
C19: Longitud | D19: ancho | E19: altura
B20: Longitudinal | C20: =C8 -> 32.25 | D20: 0 | E20: 2.1 | F20: =+C20 -> 32.25 | G20: =+F20 -> 32.25
C21: TOTAL | G21: =SUM(F20:F20) -> 32.25
A23: Ítem: | C23: Excavación en tierra seca h= 0-2 m. | H23: Unidad: | I23: m3
A24: Fecha medición | B24: ubicación | C24: Medidas | F24: Total medidas | G24: Acumulado medidas | H24: Observaciones
C25: Longitud | D25: ancho | E25: altura
B26: Desplante | C26: =C20 -> 32.25 | D26: 0.25 | E26: 0.4 | F26: =C26*D26*E26 -> 3.225 | G26: =+F26 -> 3.225
B27: Viga cimentación | C27: =C26 -> 32.25 | D27: 0.25 | E27: 0.45 | F27: =C27*D27*E27 -> 3.628125 | G27: =G26+F27 -> 6.853125
B28: Viga cimentación-sobreexcavación | C28: 12 | D28: 0.6 | E28: 1.5 | F28: =C28*D28*E28 -> 10.8 | G28: =G27+F28 -> 17.653125
B29: Zapatas | C29: 9 | D29: 1 | E29: 0.45 | F29: =C29*D29*E29 -> 4.05 | G29: =G28+F29 -> 21.703125
C30: TOTAL | G30: =F26+F27+F28+F29 -> 21.703125
A32: Ítem: | C32: Estudio de suelos, incluye 3 perforaciones, caracterización de material, 2 cortes directos, presentación de informe y recomendaciones | H32: Unidad: | I32: und
A33: Fecha medición | B33: ubicación | C33: Medidas | F33: Total medidas | G33: Acumulado medidas | H33: Observaciones
C34: Unidad
B35: Cimentación | C35: 1 | F35: =C35 -> 1 | G35: =+F35 -> 1
C36: TOTAL | G36: =F35 -> 1
A38: Ítem: | C38: Excavación común pilote D=35 cms (barrenado mecánico) | H38: Unidad: | I38: ml
A39: Fecha medición | B39: ubicación | C39: Medidas | F39: Total medidas | G39: Acumulado medidas | H39: Observaciones
C40: unidades | D40: diametro | E40: altura
B41: Pilotes | C41: =C29 -> 9 | D41: 0.35 | E41: 3.5 | F41: =C41*E41 -> 31.5 | G41: =+F41 -> 31.5
C42: TOTAL | G42: =F41 -> 31.5
A44: Ítem: | C44: Lleno compactado con material de sitio | H44: Unidad: | I44: m3
A45: Fecha medición | B45: ubicación | C45: Medidas | F45: Total medidas | G45: Acumulado medidas | H45: Observaciones
C46: unidades | D46: ancho | E46: altura
B47: Viga cimentación | C47: =C20 -> 32.25 | D47: 0.25 | E47: 0.1 | F47: =C47*E47*D47 -> 0.80625 | G47: =+F47 -> 0.80625
B48: Viga cimentación-sobreexcavación | C48: =C28 -> 12 | D48: 0.6 | E48: 1.1 | F48: =C48*E48*D48 -> 7.92 | G48: =G47+F48 -> 8.72625
C49: TOTAL | G49: =F48+F47 -> 8.72625
A51: Ítem: | C51: Manejo y movilización de escombros-Acarreo (trasiego) Horizontal manual | H51: Unidad: | I51: m3
A52: Fecha medición | B52: ubicación | C52: Medidas | F52: Total medidas | G52: Acumulado medidas | H52: Observaciones
C53: Excavación | D53: % expansion
B54: Desplante | C54: =G26 -> 3.225 | D54: 1.3 | F54: =C54*D54 -> 4.1925 | G54: =+F54 -> 4.1925
B55: Viga cimentación | C55: =F27 -> 3.628125 | D55: 1.3 | F55: =C55*D55 -> 4.7165625 | G55: =G54+F55 -> 8.9090625
B56: Viga cimentación-sobreexcavación | C56: =C48 -> 12 | D56: 1.3 | F56: =C56*D56 -> 15.6 | G56: =G55+F56 -> 24.509063
B57: Zapatas | C57: =F29 -> 4.05 | D57: 1.3 | F57: =C57*D57 -> 5.265 | G57: =G56+F57 -> 29.774063
B58: pilotes | C58: =C41 -> 9 | D58: 1.3 | F58: =C58*D58 -> 11.7 | G58: =G57+F58 -> 41.474063
B59: cerramiento existente | C59: 13 | D59: 0 | F59: =C59 -> 13 | G59: =G58+F59 -> 54.474063
C60: TOTAL | G60: =F54+F55+F57+F58+F59+F56 -> 54.474063
A62: Ítem: | C62: Cargue manual y retiro de sobrantes en volqueta | H62: Unidad: | I62: m3
A63: Fecha medición | B63: ubicación | C63: Medidas | F63: Total medidas | G63: Acumulado medidas | H63: Observaciones
C64: Excavación | D64: % expansion
B65: Desplante | C65: =C54 -> 3.225 | D65: 1.3 | F65: =C65*D65 -> 4.1925 | G65: =+F65 -> 4.1925
B66: Viga cimentación | C66: =C55 -> 3.628125 | D66: 1.3 | F66: =C66*D66 -> 4.7165625 | G66: =G65+F66 -> 8.9090625
B67: Viga cimentación-sobreexcavación | C67: =C56 -> 12 | D67: 1.3 | E67: =F48 -> 7.92 | F67: =(C67*D67)-E67 -> 7.68 | G67: =G66+F67 -> 16.589063
B68: Zapatas | C68: =C57 -> 4.05 | D68: 1.3 | F68: =C68*D68 -> 5.265 | G68: =G67+F68 -> 21.854063
B69: pilotes | C69: =C58 -> 9 | D69: 1.3 | F69: =C69*D69 -> 11.7 | G69: =G68+F69 -> 33.554063
B70: cerramiento existente | C70: =C59 -> 13 | D70: 0 | F70: =C70 -> 13 | G70: =G69+F70 -> 46.554063
C71: TOTAL | G71: =F65+F66+F68++F67+F69+F70 -> 46.554063
A73: Ítem: | C73: Pilote en concreto de 20.7 MPa D=0.35 cms | H73: Unidad: | I73: ml
A74: Fecha medición | B74: ubicación | C74: Medidas | F74: Total medidas | G74: Acumulado medidas | H74: Observaciones
C75: unidades | D75: ancho | E75: altura
B76: Pilotes | C76: =C41 -> 9 | D76: 0.35 | E76: 3.5 | F76: =C76*E76 -> 31.5 | G76: =+F76 -> 31.5 | H76: Pilotes de 0 a 5 mts
C77: TOTAL | G77: =F76 -> 31.5
A79: Ítem: | C79: Solado en concreto de 11.7 Mpa | H79: Unidad: | I79: m3
A80: Fecha medición | B80: ubicación | C80: Medidas | F80: Total medidas | G80: Acumulado medidas | H80: Observaciones
C81: Longitud/und | D81: área | E81: altura
B82: Viga cimentación | C82: =C27 -> 32.25 | D82: =C82*0.3 -> 9.675 | E82: 0.04 | F82: =D82*E82 -> 0.387 | G82: =+F82 -> 0.387
B83: Zapatas | C83: =C29 -> 9 | D83: 1 | E83: 0.04 | F83: =D83*E83 -> 0.04 | G83: =G82+F83 -> 0.427
C84: TOTAL | G84: =F82+F83 -> 0.427
A86: Ítem: | C86: Zapata en concreto de 20.7 Mpa | H86: Unidad: | I86: m3
A87: Fecha medición | B87: ubicación | C87: Medidas | F87: Total medidas | G87: Acumulado medidas | H87: Observaciones
C88: Longitud/und | D88: área | E88: altura
B89: Zapatas | C89: =C83 -> 9 | D89: =0.95*0.95 -> 0.9025 | E89: 0.45 | F89: =D89*E89*C89 -> 3.655125 | G89: =+F89 -> 3.655125
C90: TOTAL | G90: =SUM(F89:F89) -> 3.655125
A92: Ítem: | C92: Viga cimentación en concreto de 20.7 Mpa, 0.40 x 0.30 m. | H92: Unidad: | I92: ml
A93: Fecha medición | B93: ubicación | C93: Medidas | F93: Total medidas | G93: Acumulado medidas | H93: Observaciones
C94: Longitud | D94: ancho | E94: altura
B95: Viga cimentación | C95: =C82 -> 32.25 | D95: 0.3 | E95: 0.35 | F95: =C95 -> 32.25 | G95: =+F95 -> 32.25
C96: TOTAL | G96: =SUM(F95:F95) -> 32.25
A98: Ítem: | C98: Columna en concreto de 20.7 Mpa, 0.25 x 0.25 m. | H98: Unidad: | I98: ml
A99: Fecha medición | B99: ubicación | C99: Medidas | F99: Total medidas | G99: Acumulado medidas | H99: Observaciones
C100: Unidades | D100: sección | E100: altura
B101: Columnas | C101: =C89 -> 9 | D101: =0.25*0.25 -> 0.0625 | E101: 5 | F101: =C101*E101 -> 45 | G101: =+F101 -> 45
C102: TOTAL | G102: =SUM(F101:F101) -> 45
A104: Ítem: | C104: Acero de refuerzo Fy=420 Mpa | H104: Unidad: | I104: Kg
A105: Fecha medición | B105: ubicación | C105: Medidas | F105: Total medidas | G105: kg | H105: Observaciones
C106: Longitud/und | D106: Cant. | E106: Longitud
B107: Pilotes 1/2" | C107: =C76 -> 9 | D107: 4 | E107: 4.5 | F107: =D107*E107*C107 -> 162 | G107: =F107*0.994 -> 161.028
B108: Viga de cimentación | C108: 1 | D108: 4 | E108: =C8 -> 32.25 | F108: =D108*E108*C108 -> 129 | G108: =F108*0.994 -> 128.226
B109: traslapos | C109: 4 | D109: 5 | E109: 1.4 | F109: =C109*D109*E109 -> 28 | G109: =F109*0.994 -> 27.832
B110: Columnas | C110: =C101 -> 9 | D110: 4 | E110: 5.5 | F110: =D110*E110*C110 -> 198 | G110: =F110*0.994 -> 196.812
B111: Pilotes (flejes) | C111: =C107 -> 9 | D111: 29 | E111: 0.8 | F111: =D111*E111*C111 -> 208.8 | G111: =F111*0.56 -> 116.928
B112: Viga de cimentación | C112: 1 | D112: 313.14137 | E112: 0.9 | F112: =D112*E112 -> 281.82723 | G112: =F112*0.56 -> 157.82325
B113: Columnas flejes | C113: =C101 -> 9 | D113: 40 | E113: 0.9 | F113: =D113*E113*C113 -> 324 | G113: =F113*0.56 -> 181.44
C114: TOTAL | G114: =G107+G108+G109+G110+G111+G112+G113 -> 970.08925
A116: Ítem: | C116: Viga de amarre 15x30 cm de 20.7 Mpa. (incluye refuerzo) | H116: Unidad: | I116: ml
A117: Fecha medición | B117: ubicación | C117: Medidas | F117: Total medidas | G117: Acumulado medidas | H117: Observaciones
...

Sheet A.P.U
A2: ANÁLISIS DE PRECIOS UNITARIOS
A3: =[1]PRESUPUESTO!B3 -> Descapote manual e=25 cms | E3: UNIDAD: m2
A4: DESCRIPCIÓN | B4: UNIDAD | C4: CANT/ REND | D4: PRECIO UNITARIO | E4: VR PARCIAL
A5: EQUIPO y HERRAMIENTAS:
A6: CARRETA BUGGIE, PALA, ZAPAPICO | B6: Un | C6: 0.0003 | D6: 404325 | E6: =C6*D6 -> 121.2975
A7: MACHETE 18" | B7: Un | C7: 0.0003 | D7: 22024 | E7: =C7*D7 -> 6.6072
A8: RASTRILLO AGRÍCOLA | B8: Un | C8: 0.0003 | D8: 25109 | E8: =C8*D8 -> 7.5327
D9: Subtotal = | E9: =SUM(E6:E8) -> 135.4374
A10: MANO de OBRA:
A11: CUADRILLA 2 Ay | B11: Día | C11: 0.0155 | D11: =159467 -> 159467 | E11: =C11*D11 -> 2471.7385
D12: Subtotal = | E12: =E11 -> 2471.7385
D14: VR COSTO DIRECTO = | E14: =E9+E12 -> 2607.1759
A16: ANÁLISIS DE PRECIOS UNITARIOS
A17: =[1]PRESUPUESTO!B4 -> Nivelación y limpieza | E17: UNIDAD: m2
A18: DESCRIPCIÓN | B18: UNIDAD | C18: CANT/ REND | D18: PRECIO UNITARIO | E18: VR PARCIAL
A19: EQUIPO y HERRAMIENTAS:
A20: CARRETA BUGGIE, PALA, ZAPAPICO | B20: Un | C20: 0.0004 | D20: 404325 | E20: =C20*D20 -> 161.73
A21: NIVEL DE BURBUJA | B21: Un | C21: 0.0001 | D21: 44827 | E21: =C21*D21 -> 4.4827
A22: CINTA MÉTRICA x 5 m | B22: Un | C22: 0.0003 | D22: 19353 | E22: =C22*D22 -> 5.8059
D23: Subtotal = | E23: =E20+E21+E22 -> 172.0186
A24: MANO de OBRA:
A25: CUADRILLA 1 OF + 4 AY | B25: Día | C25: 0.013 | D25: 466440 | E25: =C25*D25 -> 6063.72
D26: Subtotal = | E26: =E25 -> 6063.72
D28: VR COSTO DIRECTO = | E28: =E23+E26 -> 6235.7386
A30: ANÁLISIS DE PRECIOS UNITARIOS
A31: =[1]PRESUPUESTO!B5 -> Cerramiento provisional con tela polisombra, h=2,10 m | E31: UNIDAD: m
A32: DESCRIPCIÓN | B32: UNIDAD | C32: CANT/ REND | D32: PRECIO UNITARIO | E32: VR PARCIAL
A33: MATERIALES:
A34: GUADUA SOBRE BASA | B34: Un | C34: 0.33 | D34: 5138 | E34: =C34*D34 -> 1695.54
A35: TABLA 1" x 10" | B35: m | C35: 0.6 | D35: 7353 | E35: =C35*D35 -> 4411.8
A36: LISTÓN 1" x 2" | B36: m | C36: 0.525 | D36: 1261 | E36: =C36*D36 -> 662.025
A37: ACPM | B37: Gal | C37: 0.05 | D37: 9537 | E37: =C37*D37 -> 476.85
A38: CONCRETO 17.2 MPa | B38: m3 | C38: 0.036 | D38: 587475 | E38: =C38*D38 -> 21149.1
A39: TELA POLISOMBRA CERRAMIENTO VERDE a= 2.10 m | B39: m | C39: 1.05 | D39: 2742 | E39: =C39*D39 -> 2879.1
A40: PUNTILLA 1 1/2" a 3" | B40: Lb | C40: 0.2 | D40: 4805 | E40: =C40*D40 -> 961
A41: ALAMBRE NEGRO Cal. 18 | B41: Kg | C41: 0.05 | D41: 8300 | E41: =C41*D41 -> 415
D42: Subtotal = | E42: =SUM(E34:E41) -> 32650.415
A43: EQUIPO y HERRAMIENTAS:
A44: CARRETA LLANTA NEUMÁTICA | B44: Un | C44: 0.0003 | D44: 310206 | E44: =C44*D44 -> 93.0618
A45: PALA HOYADORA | B45: Un | C45: 0.0003 | D45: 80588 | E45: =C45*D45 -> 24.1764
A46: BISTURÍ | B46: Un | C46: 0.0003 | D46: 45998 | E46: =C46*D46 -> 13.7994
A47: HERRAMIENTAS PARA ALBAÑIL | B47: Un | C47: 0.0003 | D47: =D53 -> 306973 | E47: =C47*D47 -> 92.0919
D48: Subtotal = | E48: =E44+E45+E46+E47 -> 223.1295
A49: TRANSPORTES:
A50: CAMIONETA | B50: Hr | C50: 0.05 | D50: 42377 | E50: =C50*D50 -> 2118.85
D51: Subtotal = | E51: =E50 -> 2118.85
A52: MANO de OBRA:
A53: CUADRILLA 1 OF + 2 AY | B53: Día | C53: 0.05 | D53: 306973 | E53: =C53*D53 -> 15348.65
D54: Subtotal = | E54: =E53 -> 15348.65
D56: VR COSTO DIRECTO = | E56: =E42+E48+E51+E54 -> 50341.044
A58: ANÁLISIS DE PRECIOS UNITARIOS
A59: =[1]PRESUPUESTO!B7 -> Excavación en tierra seca h= 0-2 m. | E59: UNIDAD: m3
A60: DESCRIPCIÓN | B60: UNIDAD | C60: CANT/ REND | D60: PRECIO UNITARIO | E60: VR PARCIAL
A61: MATERIALES:
A62: CINTA DE SEÑALIZACIÓN a=7 cm | B62: m | C62: 1 | D62: 172 | E62: =C62*D62 -> 172
A63: POSTE DE SEÑALIZACIÓN EN MADERA PINTADO + MUERTO EN CONCRETO | B63: Un | C63: 0.05 | D63: 22220 | E63: =C63*D63 -> 1111
D64: Subtotal = | E64: =SUM(E62:E63) -> 1283
A65: EQUIPO y HERRAMIENTAS:
A66: CARRETA BUGGIE, PALA, ZAPAPICO | B66: Un | C66: 0.0012 | D66: 404325 | E66: =C66*D66 -> 485.19
D67: Subtotal = | E67: =E66 -> 485.19
A68: MANO de OBRA:
A69: CUADRILLA 1 OF + 2 AY | B69: Día | C69: 0.135 | D69: 306973 | E69: =C69*D69 -> 41441.355
D70: Subtotal = | E70: =E69 -> 41441.355
D72: VR COSTO DIRECTO = | E72: =E64+E67+E70 -> 43209.545
A74: ANÁLISIS DE PRECIOS UNITARIOS
A75: =[1]PRESUPUESTO!B8 -> Estudio de suelos, incluye 3 perforaciones, caracterización de material, 2 cortes directos, presentación de informe y recomendaciones | E75: UNIDAD: und
A76: DESCRIPCIÓN | B76: UNIDAD | C76: CANT/ REND | D76: PRECIO UNITARIO | E76: VR PARCIAL
A78: ESTUDIO DE SUELOS INCLUYE 3 PERFORACIONES A 10 METROS DE PROFUNDIDAD, CARACTERIZACION DE MATERIAL, 2 CORTES DIRECTOS, PRESENTACION DE INFORME Y RECOMENDACIONES. | B78: Und | C78: 1 | D78: 3500000 | E78: =C78*D78 -> 3500000
D80: VR COSTO DIRECTO = | E80: =E78 -> 3500000
A82: ANÁLISIS DE PRECIOS UNITARIOS
A83: =[1]PRESUPUESTO!B9 -> Excavación común pilote D=35 cms (barrenado mecánico) | E83: UNIDAD: m
A84: DESCRIPCIÓN | B84: UNIDAD | C84: CANT/ REND | D84: PRECIO UNITARIO | E84: VR PARCIAL
A85: EQUIPO y HERRAMIENTAS:
A86: CARRETA BUGGIE, PALA, ZAPAPICO | B86: Un | C86: 0.0002 | D86: 404325 | E86: =C86*D86 -> 80.865
A87: EQUIPO PARA PERFORACIÓN DE PILOTE BARRENADO | B87: Hr | C87: 0.1176 | D87: 641815 | E87: =C87*D87 -> 75477.444
D88: Subtotal = | E88: =SUM(E86:E87) -> 75558.309
A89: TRANSPORTES:
A90: CAMIÓN 350 | B90: Hr | C90: 0.04 | D90: 58959 | E90: =C90*D90 -> 2358.36
D91: Subtotal = | E91: =E90 -> 2358.36
A92: MANO de OBRA:
A93: CUADRILLA 1 OF + 2 AY | B93: Día | C93: 0.1204 | D93: 306973 | E93: =C93*D93 -> 36959.549
D94: Subtotal = | E94: =E93 -> 36959.549
D96: VR COSTO DIRECTO = | E96: =E88+E91+E94 -> 114876.22
A98: ANÁLISIS DE PRECIOS UNITARIOS
A99: =[1]PRESUPUESTO!B10 -> Lleno compactado con material de sitio | E99: UNIDAD: m3
A100: DESCRIPCIÓN | B100: UNIDAD | C100: CANT/ REND | D100: PRECIO UNITARIO | E100: VR PARCIAL
A101: MATERIALES:
A102: GASOLINA | B102: Gal | C102: 0.042 | D102: 15757 | E102: =C102*D102 -> 661.794
D103: Subtotal = | E103: =E102 -> 661.794
A104: EQUIPO y HERRAMIENTAS:
A105: CARRETA BUGGIE, PALA, ZAPAPICO | B105: Un | C105: 0.0015 | D105: 404325 | E105: =C105*D105 -> 606.4875
A106: COMPACTADOR MANUAL (CANGURO) | B106: Día | C106: 0.042 | D106: 67675 | E106: =C106*D106 -> 2842.35
D107: Subtotal = | E107: =E105+E106 -> 3448.8375
A108: MANO de OBRA:
A109: CUADRILLA 1 OF + 4 AY | B109: Día | C109: 0.077 | D109: 466440 | E109: =C109*D109 -> 35915.88
D110: Subtotal = | E110: =E109 -> 35915.88
D112: VR COSTO DIRECTO = | E112: =E103+E107+E110 -> 40026.512
A114: ANÁLISIS DE PRECIOS UNITARIOS
A115: =[1]PRESUPUESTO!B11 -> Manejo y movilización de escombros-Acarreo (trasiego) Horizontal manual | E115: UNIDAD: m3
A116: DESCRIPCIÓN | B116: UNIDAD | C116: CANT/ REND | D116: PRECIO UNITARIO | E116: VR PARCIAL
...

Sheet ANÁLISIS A.I.U
A3: CALCULO DEL AIU
A4: OBJETO:
A6: Valor Promedio estimado (Costo Directo). | D6: Valor | E6: =PRESUPUESTO!F41 -> 77742056
A7: Plazo estimado de ejecución. | D7: Meses | E7: 2
A9: CAPITULO | B9: TIPO DE GASTO | C9: UN | D9: CANTIDAD. | E9: Destinación | F9: VALOR UNITARIO (mes) | G9: Factor Prestacional. | H9: VLOR TOTAL | I9: SUMA | J9: PORCENTAJE
A10: 1 | B10: GASTOS GENERALES. | J10: =SUM(J13:J19) -> 0.058662714
A11: 1.1 | B11: MANO DE OBRA Y GASTOS DE OFICINA | I11: =SUM(H13:H19) -> 13205600
B12: Personal
B13: Ingeniero Residente | C13: Un | D13: 1 | E13: 0.5 | F13: 3320000 | G13: 0.63 | H13: =(F13*1.63)*(0.5)*(E7) -> 5411600 | J13: =H13/$E$6*0.1 -> 0.0069609685
B14: Residente salud ocupacional | C14: Un | D14: 1 | E14: 0.5 | F14: 2000000 | G14: 0.8 | H14: =(F14*1.8)*(0.5)*(E7) -> 3600000 | J14: =H14/$E$6*0.1 -> 0.0046306982
B15: Secretaria con prestaciones | C15: Un | D15: 1 | E15: 0.05 | F15: 1300000 | G15: 0.8 | H15: =(F15*1.8)*(0.05)*(E7) -> 234000 | J15: =H15/$E$6*0.1 -> 0.00030099539
B16: Contador | C16: Un | D16: 1 | E16: 0.05 | F16: 2000000 | G16: 0.8 | H16: =(F16*1.8)*(0.05)*(E7) -> 360000 | J16: =H16/$E$6*0.1 -> 0.00046306982
B17: Equipo de oficina (escritorio, pc, impresora, sillas, papeleria) | C17: Mes | D17: 1 | E17: 1 | F17: 600000 | H17: =F17*2 -> 1200000 | J17: =H17/$E$6 -> 0.015435661
B18: Seguridad Industrial Personal | C18: Mes | D18: 1 | E18: 1 | F18: 600000 | H18: =F18*2 -> 1200000 | J18: =H18/$E$6 -> 0.015435661
B19: Sistema de gestión y seguridad en el trabajo | C19: Mes | D19: 1 | E19: 100 | F19: 600000 | H19: =F19*2 -> 1200000 | J19: =H19/$E$6 -> 0.015435661
A21: 2 | B21: GASTOS DE LEGALIZACION (IMPUESTOS Y VALORES AGREGADOS) | J21: =+SUM(J22:J29) -> 0.1263
A22: 2.1 | B22: Polizas | C22: % | F22: =E6 -> 77742056 | G22: =+SUM(D23:D28) -> 0.63 | H22: =(F22*G22)/100 -> 489774.95 | J22: =H22/$E$6 -> 0.0063
B23: Seriedad de la propuesta | C23: % | D23: 0.02
B24: Garantía Cumplimiento | C24: % | D24: 0.05
B25: Garantía Salarios | C25: % | D25: 0.15
B26: Garantía Calidad | C26: % | D26: 0.17
B27: Amparo Resp.Civil Extracontractual | C27: % | D27: 0.09
B28: Amparo Todo Riesgo Construcción | C28: % | D28: 0.15
A29: 2.2 | B29: Impuestos y Estampillas | C29: % | F29: =+F22 -> 77742056 | G29: =+SUM(D30:D34) -> 12 | H29: =(F29*G29)/100 -> 9329046.7 | J29: =H29/$E$6 -> 0.12
B30: Impuesto ley 418 | C30: % | D30: 5
B31: Estampilla Pro - desarrollo | C31: % | D31: 1
B32: Estampilla Pro - hospital santa sofia | C32: % | D32: 1
B33: Estampilla Pro - Adulto mayor | C33: % | D33: 3
B34: Etampilla Pro- Universidad | C34: % | D34: 2
A35: TOTAL GASTOS INDIRECTOS DE ADMINISTRACION. | J35: =J10+J21 -> 0.18496271
A36: IMPREVISTOS: | I36: 0 | J36: 0
A37: UTILIDAD: | I37: 0.06 | J37: =I37 -> 0.06
A38: IVA SOBRE UTILIDAD: | I38: 0 | J38: 0
A39: A.I.U. | J39: =+J37+J35+J36+J38 -> 0.24496271
